 Dungeon Crawl Stone Soup version 0.16-a0-2818-g1ef6e07 (webtiles) character file.

51 Kemay the Sneak (level 3, -1/23 HPs)
             Began as an Octopode Transmuter on Nov 28, 2014.
             Slain by Crazy Yiuf
             ... wielding a +3 quarterstaff of chaos
              (6 damage)
             ... while paralysed by Crazy Yiuf
             ... on level 2 of the Dungeon.
             The game lasted 00:05:23 (2102 turns).

Kemay the Sneak (Octopode Transmuter)               Turns: 2102, Time: 00:05:24

Health: -1/23      AC:  1    Str:  9    XL:     3   Next: 83%
Magic:  5/6        EV:  2    Int: 15    God:
Gold:   41         SH:  0    Dex: 13    Spells: 1 memorised, 5 levels left

rFire  . . .     SeeInvis .       - Unarmed
rCold  . . .     Clarity  .     (no shield)
rNeg   . . .     SustAb   .     (helmet restricted)
rPois  .         Gourm    .     l - amulet of resist mutation
rElec  .         Spirit   .     (no ring)
rCorr  .         Warding  .     (no ring)
rMut   +         Stasis   .     (no ring)
MR     .....                    (no ring)
Stlth  ++++......               (no ring)
                                (no ring)
                                (no ring)
                                (no ring)

@: paralysed, appendage (expiring), very slightly contaminated, not resistant to
hostile enchantments, stealthy
A: almost no armour, amphibious, 8 rings, constrict 8, tentacle spike 3,
camouflage 1, gelatinous body 1
a: End Transformation


You were on level 2 of the Dungeon.
You were not hungry.
One of your tentacles had a temporary spike.
You visited 1 branch of the dungeon, and saw 2 of its levels.

You collected 41 gold pieces.

Inventory:

Missiles
 b - 35 arrows
 e - 20 arrows of flame
Jewellery
 l - an amulet of resist mutation (around mantle)
Scrolls
 i - a scroll of fear
Potions
 c - a potion of curing
 f - a potion of might
 g - 3 potions of heal wounds
Books
 d - a book of Changes

   Spells                             Type                      Level
   *Beastly Appendage                 Transmutation                1
   Sticks to Snakes                   Transmutation                2
   Spider Form                        Transmutation/Poison         3
   Ice Form                           Ice/Transmutation            4
   Blade Hands                        Transmutation                5
Comestibles
 a - 2 bread rations
 j - a meat ration
 k - 11 fruits
 m - a beef jerky


   Skills:
 - Level 1.0 Fighting
 - Level 2.0 Dodging
 + Level 4.8 Stealth
 - Level 3.0 Unarmed Combat
 - Level 2.0 Spellcasting
 - Level 2.0 Transmutations


You had 5 spell levels left.
You knew the following spells:

 Your Spells              Type           Power        Failure   Level  Hunger
a - Beastly Appendage     Trmt           #.....       12%         1    #......


Dungeon Overview and Level Annotations

Branches:
Dungeon (2/15)

Altars:
Elyvilon
Gozag
Zin

Annotations:
D:2 Crazy Yiuf, Sigmund


Innate Abilities, Weirdness & Mutations

You cannot wear most types of armour.
You are amphibious.
You can wear up to eight rings at the same time.
You can use your tentacles to constrict many enemies at once.
Your skin changes colour to match your surroundings (Stealth).
Your rubbery body absorbs attacks (AC +1).
One of your tentacles bears a large vicious spike.


Message History

Mmm - a full handful of dates!
Casting: Beastly Appendage
Confirm with . or Enter, or press ? or * to list all spells.
One of your tentacles grows a vicious spike.
Your transformation is almost over.
Crazy Yiuf shouts!
Crazy Yiuf hits you with a quarterstaff of chaos!
You tentacle-slap Crazy Yiuf but do no damage.
Your grab misses Crazy Yiuf.
Your tentacle spike misses Crazy Yiuf.
Your squeeze misses Crazy Yiuf.
Crazy Yiuf hits you with a quarterstaff of chaos.
You tentacle-slap Crazy Yiuf but do no damage.
You grab Crazy Yiuf.
You pierce Crazy Yiuf, but do no damage.
You constrict Crazy Yiuf, but do no damage.
Crazy Yiuf hits you with a quarterstaff of chaos.
* * * LOW HITPOINT WARNING * * *
You suddenly lose the ability to move!
You lose your grip on Crazy Yiuf.
Crazy Yiuf hits you with a quarterstaff of chaos.
You die...

.# #...##.# #.# .#
#......# #.#
.########......#
#.#
............####
### .########.<.#
....#####...#
.##.........# #####
♣♣#######
###.........#
#)..#♣♣ ♣♣...)...<
###.#########
#g@...♣♣♣♣......###
....#
#...#♣..♣....).##
#####
#####♣♣♣.♣.)..##
♣♣♣♣♣###


You could see Crazy Yiuf.

Vanquished Creatures
  An adder (D:2)
  2 worms (D:2)
  A giant gecko (D:2)
  2 bats (D:2)
  4 giant cockroaches
  3 hobgoblins (D:1)
  3 jackals (D:2)
  A giant newt (D:1)
  4 goblins
  3 kobolds
  7 rats
31 creatures vanquished.

Notes
Turn   | Place    | Note
--------------------------------------------------------------
     0 | D:1      | Kemay, the Octopode Transmuter, began the quest for the Orb.
     0 | D:1      | Reached XP level 1. HP: 13/13 MP: 3/3
   167 | D:1      | Reached skill level 1 in Stealth
   464 | D:1      | Reached XP level 2. HP: 18/18 MP: 4/4
  1170 | D:2      | Found a white marble altar of Elyvilon.
  1209 | D:2      | Found an opulent altar of Gozag.
  1209 | D:2      | Found a glowing silver altar of Zin.
  1271 | D:2      | Reached XP level 3. HP: 23/23 MP: 6/6
  1316 | D:2      | Reached skill level 4 in Stealth
  1633 | D:2      | HP: 1/23 [bat (1)]
  1993 | D:2      | Noticed Sigmund
  2087 | D:2      | Noticed Crazy Yiuf
  2101 | D:2      | Paralysed by Crazy Yiuf for 7 turns
  2102 | D:2      | Slain by Crazy Yiuf

Action                   || total
-------------------------++-------
Melee: Unarmed           ||    75
 Cast: Beastly Appendage ||    10
  Use: Scroll            ||     9
 Stab: Sleeping          ||     7
  Eat: Chunk             ||     3
       Fruit             ||     1
